 Dungeon Crawl Stone Soup version 0.28.0-62-gf88900778d (webtiles) character file.

Game seed: 17391076546274554159

76 cbfl8 the Skirmisher (level 4, -1/41 HPs)
             Began as a Hill Orc Fighter on May 26, 2023.
             Succumbed to a water moccasin's poison
             ... on level 3 of the Dungeon.
             The game lasted 00:01:33 (1679 turns).

cbfl8 the Skirmisher (Hill Orc Fighter)             Turns: 1679, Time: 00:01:33

Health: -1/41      AC:  7    Str: 20    XL:     4   Next: 32%
Magic:  4/4        EV:  9    Int:  8    God:
Gold:   98         SH:  4    Dex: 10    Spells: 3/3 levels left

rFire   + . .      SeeInvis .   a - +0 war axe
rCold   x . .      Faith    .   c - +0 buckler
rNeg    . . .      Spirit   .   b - +0 scale mail
rPois   .          Reflect  .   (no helmet)
rElec   .          Harm     .   (no cloak)
rCorr   .          Rampage  .   (no gloves)
Will    .....                   (no boots)
Stlth   ..........              j - amulet of regeneration
HPRegen 0.93/turn               k - ring of fire
MPRegen 0.09/turn               (no ring)

@: lethally poisoned (-1 -> -8)
A: no striking features
a: no special abilities


You were on level 3 of the Dungeon.
You visited 1 branch of the dungeon, and saw 3 of its levels.

You collected 98 gold pieces.

Inventory:

Hand Weapons
 a - a +0 war axe (weapon)
Armour
 b - a +0 scale mail (worn)
 c - a +0 buckler (worn)
Jewellery
 j - an amulet of regeneration (around neck)
 k - a ring of fire (left hand)
Scrolls
 f - 3 scrolls of teleportation {unknown}
 g - 2 scrolls of identify {unknown}
Potions
 d - 2 potions of might
 e - 2 potions of mutation {unknown}
 h - a potion of flight {unknown}
 i - a potion of lignification {unknown}
 l - a potion of magic {unknown}


   Skills:
 + Level 4.5 Fighting
 + Level 4.0 Axes
 + Level 3.8 Armour
 + Level 0.1 Stealth
 + Level 3.6 Shields


You had 3 spell levels left.
You didn't know any spells.
Your spell library contained the following spells:

 Spells                   Type           Power      Damage    Failure   Level
 Slow                     Hex            0%         N/A       85%         1
 Corpse Rot               Necr/Air       0%         N/A       94%         2
 Sublimation of Blood     Necr           0%         N/A       94%         2
 Wereblood                Tmut           0%         N/A       94%         2
 Confusing Touch          Hex            0%         N/A       99%         3
 Vampiric Draining        Necr           0%         2d6       99%         3
 Dispel Undead            Necr           0%         3d6       100%        4
 Death Channel            Necr           0%         N/A       100%        6
 Summon Hydra             Summ           0%         N/A       100%        7


Dungeon Overview and Level Annotations

Branches:
Dungeon (3/15)

Altars:


Message History

You hit the water moccasin.
The water moccasin is lightly wounded.
You feel very sick. The water moccasin barely misses you.
The water moccasin bites you but does no damage.
You barely miss the water moccasin.
The water moccasin is lightly wounded.
You feel sick. You block the water moccasin's attack.
The water moccasin bites you!
You are more poisoned.
The water moccasin poisons you!
You barely miss the water moccasin.
The water moccasin is lightly wounded.
You feel very sick. The water moccasin barely misses you.
The water moccasin bites you but does no damage.
You completely miss the water moccasin.
The water moccasin is lightly wounded.
You feel very sick. The water moccasin barely misses you.
The water moccasin bites you but does no damage.
You closely miss the water moccasin.
The water moccasin is lightly wounded.
You feel very sick. The water moccasin bites you.
* * * LOW HITPOINT WARNING * * *
The water moccasin bites you but does no damage.
You barely miss the water moccasin.
The water moccasin is lightly wounded.
You feel sick. You block the water moccasin's attack.
You hit the water moccasin.
The water moccasin is moderately wounded.
You feel sick. The water moccasin closely misses you.
The water moccasin bites you.
* * * LOW HITPOINT WARNING * * *
You are lethally poisoned!
The water moccasin poisons you!
You hit the water moccasin.
The water moccasin is heavily wounded.
You die...

#.# #.# #...# ###.#
###...### #...#
#.......# ##..##
.......# ##8..8##
...... ##......# #...##
#....>..#######.S..####
..#8..8#........@.....+
####..#########....####
#..## ###.## ##.# #.#
#.# #.# #.# #.# #.# #[#
#.# #.# #.# #.#


You could see a water moccasin.

Vanquished Creatures
  A howler monkey zombie (D:3)
  An adder (D:2)
  A worm (D:2)
  2 dart slugs (D:1)
  8 endoplasms
  2 giant cockroaches (D:2)
  2 goblins
  4 hobgoblins
  3 jackals (D:2)
  5 kobolds
  2 quokkas
  4 ball pythons
  4 bats (D:1)
  3 frilled lizards (D:1)
  2 rats
44 creatures vanquished.

Notes
Turn   | Place    | Note
-------+----------+-------------------------------------------
     0 | D:1      | cbfl8 the Hill Orc Fighter began the quest for the Orb.
     0 | D:1      | Reached XP level 1. HP: 19/19 MP: 1/1
    92 | D:1      | Reached XP level 2. HP: 21/27 MP: 2/2
   632 | D:1      | Reached XP level 3. HP: 31/33 MP: 3/3
  1356 | D:2      | Reached XP level 4. HP: 38/41 MP: 4/4
  1602 | D:3      | Found a faded altar of an unknown god.
  1667 | D:3      | Noticed a water moccasin
  1678 | D:3      | HP: 2/41 [water moccasin (2)]
  1679 | D:3      | Succumbed to a water moccasin's poison

Illustrated notes

Levels and vault maps discovered:
D:1:      amcnicky_arrival_flooded_fountain, layout_basic, fountainhead
D:2:      layout_rooms, minmay_misc_feat_tower
D:3:      layout_loops_corners, chequers_ecumenical_altar_simple_redux,
          st_stairs_6

Skill      XL: |  1  2  3  4 |
---------------+-------------+-----
Fighting       | 4 |  4.5
Axes           | 3 4 |  4.0
Armour         | |  3.8
Stealth        | |  0.1
Shields        | |  3.6

Action                   |  1- 3 |  4- 6 || total
-------------------------+-------+-------++-------
Melee: War axe           |   104 |    29 ||   133
Armor: Scale mail        |    44 |    12 ||    56
Dodge: Dodged            |    61 |    11 ||    72
Block: Buckler           |    19 |     6 ||    25
